 Dungeon Crawl Stone Soup version 0.18-a0-1577-gf591c28 (webtiles) character file.

5456 poirepourri the Blocker (level 10, -12/61 HPs)
             Began as a Gargoyle Fighter on Mar 15, 2016.
             Was a Believer of Makhleb.
             Killed by divine providence
             ... invoked by an orc priest
              (15 damage)
             ... on level 10 of the Dungeon on Mar 17, 2016.
             The game lasted 00:27:35 (12213 turns).

poirepourri the Blocker (Gargoyle Fighter)         Turns: 12213, Time: 00:27:35

Health: -12/61     AC: 24    Str: 23    XL:     10   Next: 68%
Magic:  10/10      EV: 11    Int:  9    God:    Makhleb [**....]
Gold:   94         SH: 13    Dex:  9    Spells: 0 memorised, 9 levels left

rFire  x . .     SeeInvis .     g - +1 mace (freeze)
rCold  + . .     Gourm    .     b - +1 scale mail
rNeg   + . .     Faith    .     c - +2 shield
rPois  ∞         Spirit   .     l - +2 helmet
rElec  +         Dismiss  .     x - +1 cloak
rCorr  .         Reflect  .     (no gloves)
SustAt .         Harm     .     p - +2 pair of boots
MR     .....                    (no amulet)
Stlth  ..........               n - ring of flight
                                h - ring of ice

@: silence, very slightly contaminated, not resistant to hostile enchantments,
extremely unstealthy
A: negative energy resistance 1, electricity resistance, unbreathing,
petrification resistance, rot immunity, AC +7
a: Renounce Religion, Evoke Flight


You were on level 10 of the Dungeon.
You worshipped Makhleb.
Makhleb was pleased with you.
You were very hungry.

You visited 2 branches of the dungeon, and saw 11 of its levels.

You collected 94 gold pieces.

Inventory:

Hand Weapons
 a - a +0 flail
 g - a +1 mace of freezing (weapon)
Armour
 b - a +1 scale mail (worn)
 c - a +2 shield (worn)
 l - a +2 helmet (worn)
 p - a +2 pair of boots (worn)
 x - a +1 cloak (worn)
Jewellery
 h - a ring of ice (left hand)
 n - a ring of flight (right hand)
Wands
 i - a wand of lightning (9/15)
 w - a wand of confusion (17/48)
 D - a wand of paralysis (14/24)
 H - a wand of lightning (3/15)
Scrolls
 u - 4 scrolls of remove curse
 J - a scroll of magic mapping {unknown}
Potions
 e - 3 potions of cure mutation
 k - 5 potions of brilliance
 v - a potion of flight
Books
 m - a book of Beasts

   Spells                             Type                      Level
   a - Summon Butterflies             Summoning                    1
   b - Call Canine Familiar           Summoning                    3
   c - Summon Ice Beast               Ice/Summoning                4
   d - Summon Mana Viper              Hexes/Summoning              5
   e - Summon Hydra                   Summoning                    7
 q - a book of the Dragon

   Spells                             Type                      Level
   a - Flame Tongue                   Conjuration/Fire             1
   b - Cause Fear                     Hexes                        4
   c - Bolt of Fire                   Conjuration/Fire             6
   d - Dragon Form                    Transmutation                7
   e - Dragon's Call                  Summoning                    9
 s - a Fen Folio

   Spells                             Type                      Level
   a - Corpse Rot                     Necromancy                   2
   b - Stone Arrow                    Conjuration/Earth            3
   c - Leda's Liquefaction            Hexes/Earth                  4
   d - Summon Forest                  Summoning/Translocation      5
   e - Hydra Form                     Transmutation                6
   f - Summon Hydra                   Summoning                    7
Comestibles
 d - 2 bread rations
 j - 3 fruits
 r - 11 royal jellies
 t - a beef jerky
 C - a slice of pizza


   Skills:
 + Level 6.5 Fighting
 + Level 6.9 Maces & Flails
 + Level 2.3 Throwing
 + Level 7.2 Armour
 + Level 6.1 Dodging
 + Level 3.4 Stealth
 + Level 9.5 Shields


You had 9 spell levels left.
You didn't know any spells.

Dungeon Overview and Level Annotations

Branches:
Dungeon (10/15)            Temple (1/1) D:4
   Lair: D:8-11         Orc: D:9-12

Altars:
Ashenzari
Cheibriados
Dithmenos
Elyvilon
Fedhas
Gozag
Kikubaaqudgha
Makhleb
Nemelex Xobeh
Okawaru
Pakellas
Qazlal
Ru
Sif Muna
Trog
Vehumet
Xom
Yredelemnul
Zin
The Shining One

Shops:
D:9 [

Annotations:
D:8 Maurice


Innate Abilities, Weirdness & Mutations

You are resistant to torment.
Your stone body is resilient (AC +7).
You are immune to poison.
You resist negative energy.
You are resistant to electric shocks.
You can survive without breathing.
You are immune to petrification.
You are immune to rotting.


Message History

Read which item? (? for menu, Esc to quit)
As you read the scroll labeled LESUUXTIKK, it crumbles to dust.
A profound silence engulfs you.
It was a scroll of silence.
You block the troll's attack. The troll barely misses you. The troll claws you.
* * * LOW HITPOINT WARNING * * *
You block the orc priest's attack.
Drink which item? (? for menu, Esc to quit)
Okay, then.
Read which item? (? for menu, Esc to quit)
Okay, then.
The troll says something but you don't hear anything.
The orc priest miscasts a cantrip.
You block the troll's attack.
The troll claws you but does no damage. x2
The troll bites you.
* * * LOW HITPOINT WARNING * * *
The troll claws you but does no damage. x2
An orc comes into view.
The orc priest calls down the wrath of Beogh upon you.
Beogh smites you!
You die...

#......oo.o#..........
#.......#{o'.o{........#
#.......##'###o######..#
#.......#..# #.######..#
#.oo....#... #.o.......#
#.#######....#.........#
.............#.........#
.............#.T.......#
.#...........#..@......#
.##....## ###.####..# ##
....# #.# . o. ......
.o. .#...... .... #
##.... #...##
#....#.......#...#
###....#.......#


You could see a troll, an orc warrior, 2 orc priests and an orc.

Vanquished Creatures
  Erolcha (D:10)
  The ghost of PeterLawrence the Basher, a novice MiFi of Okawaru (D:10)
  The ghost of 4thArraOfDagon the Sneak, an amateur NaEn of Dithmenos (D:6)
  2 yaks (D:9)
  A hippogriff (D:10)
  A water moccasin (D:6)
  2 ice beasts
  An orc warrior (D:9)
  A sky beast (D:9)
  2 black bears
  3 ogres
  A phantom (D:7)
  3 centaurs
  A big kobold (D:8)
  2 giant frogs
  2 gnoll sergeants
  2 scorpions
  A water moccasin skeleton (D:8)
  3 howler monkeys
  2 crimson imps
  A wasp zombie (D:8)
  3 orc priests
  2 giant frog zombies (D:9)
  3 hounds
  6 orc wizards
  7 jellies
  2 giant frog skeletons
  A gnoll shaman (D:6)
  Jessica (D:2)
  2 iguanas
  3 worker ants
  A statue (D:7)
  A killer bee zombie (D:9)
  A hound skeleton (D:6)
  A worker ant zombie (D:7)
  8 adders
  18 gnolls
  2 shadow imps
  7 oozes
  An adder skeleton (D:6)
  2 adder zombies
  2 worms
  A dart slug (D:4)
  5 giant geckos
  37 orcs
  4 giant cockroaches
  7 goblins
  11 hobgoblins
  12 jackals
  9 kobolds
  6 quokkas
  A ball python (D:1)
  8 bats
  A giant gecko skeleton (D:6)
  5 giant newts
  12 rats
227 creatures vanquished.

Vanquished Creatures (collateral kills)
  A troll (D:10)
  An ice beast (D:10)
2 creatures vanquished.

Grand Total: 229 creatures vanquished

Notes
Turn   | Place    | Note
--------------------------------------------------------------
     0 | D:1      | poirepourri the Gargoyle Fighter began the quest for the Orb.
     0 | D:1      | Reached XP level 1. HP: 14/14 MP: 1/1
    69 | D:1      | Upgraded the game from 0.18-a0-1572-g0a86841 to 0.18-a0-1575-g920359c
    71 | D:1      | Reached XP level 2. HP: 19/19 MP: 2/2
   479 | D:1      | Reached XP level 3. HP: 16/23 MP: 3/3
  1232 | D:2      | Reached skill level 4 in Shields
  1257 | D:2      | Found an iron altar of Okawaru.
  1258 | D:2      | Found an opulent altar of Gozag.
  1293 | D:2      | Noticed Jessica
  1305 | D:2      | Killed Jessica
  1305 | D:2      | Reached XP level 4. HP: 27/29 MP: 4/4
  1310 | D:2      | Found an opulent altar of Gozag.
  1831 | D:3      | Reached skill level 1 in Dodging
  2120 | D:3      | Reached XP level 5. HP: 22/33 MP: 5/5
  3062 | D:3      | Reached XP level 6. HP: 38/38 MP: 6/6
  3085 | D:3      | Found a sparkling altar of Nemelex Xobeh.
  3523 | D:4      | Found a staircase to the Ecumenical Temple.
  3666 | D:4      | Reached skill level 5 in Shields
  3969 | D:4      | Reached XP level 7. HP: 44/44 MP: 7/7
  4539 | D:5      | Entered Level 5 of the Dungeon
  4753 | D:5      | Reached skill level 1 in Stealth
  5442 | D:6      | Noticed 4thArraOfDagon's ghost (amateur NaEn)
  5484 | D:6      | Killed 4thArraOfDagon's ghost
  5484 | D:6      | Reached skill level 1 in Throwing
  5484 | D:6      | Reached skill level 6 in Shields
  5655 | D:6      | Reached XP level 8. HP: 30/48 MP: 8/8
  6088 | D:6      | Found a snail-covered altar of Cheibriados.
  6192 | D:6      | Found a bloodstained altar of Trog.
  6483 | D:6      | Found a bloodstained altar of Trog.
  6952 | Temple   | Entered the Ecumenical Temple
  7171 | Temple   | Became a worshipper of Makhleb the Destroyer
  7318 | D:5      | Reached skill level 5 in Armour
  7672 | D:7      | Found a basalt altar of Yredelemnul.
  7858 | D:7      | Reached skill level 5 in Fighting
  7997 | D:7      | Reached skill level 5 in Maces & Flails
  8000 | D:7      | Reached XP level 9. HP: 38/54 MP: 9/9
  8187 | D:7      | Found a sacrificial altar of Ru.
  8309 | D:7      | Found a radiant altar of Vehumet.
  8390 | D:7      | Reached skill level 7 in Shields
  8767 | D:8      | Reached * piety under Makhleb
  8867 | D:8      | Reached skill level 5 in Dodging
  8972 | D:8      | Noticed Maurice
  9363 | D:8      | Reached ** piety under Makhleb
  9851 | D:9      | Found Vymeut's Armour Boutique.
 10462 | D:9      | Reached skill level 8 in Shields
 10686 | D:9      | Reached XP level 10. HP: 30/60 MP: 10/10
 10692 | D:9      | Reached *** piety under Makhleb
 11289 | D:10     | Entered Level 10 of the Dungeon
 11329 | D:10     | Noticed Erolcha
 11352 | D:10     | Killed Erolcha
 11352 | D:10     | Reached skill level 9 in Shields
 11489 | D:10     | Noticed PeterLawrence's ghost (novice MiFi)
 11554 | D:10     | Killed PeterLawrence's ghost
 12109 | D:10     | Upgraded the game from 0.18-a0-1575-g920359c to 0.18-a0-1577-gf591c28
 12148 | D:10     | Noticed a hill giant
 12208 | D:10     | HP: 2/61 [troll (4)]
 12213 | D:10     | Killed from afar by an orc priest

Vault maps used:
D:1:      dpeg_arrival_arbitrary_a, minmay_stone_trees_medium
D:2:      nicolae_overflow_hidden_temple, nicolae_gozag_seed_capital,
          uniq_jessica
D:3:      nicolae_overflow_crystal_walls, kennysheep_generic_room_4
D:4:      minmay_temple_entry_overgrown, first_bread
D:6:      lemuel_crystal_altar, lemuel_doored_altar, bloody_trog
D:7:      vehumet_statue, kennysheep_mini, old_standard_altar
D:8:      enter_bailey_2, hangedman_little_slice_of_home, hex_medium,
          uniq_maurice
D:9:      serial_shops, shop
D:10:     uniq_erolcha
Temple:   chambers_temple_12

Skill      XL: |  1  2  3  4  5  6  7  8  9 10 |
---------------+-------------------------------+-----
Shields        | 4 5 6 8 9 |  9.5
Dodging        | 1 2 3 4 5 6 |  6.1
Maces & Flails | 3 4 5 6 |  6.9
Fighting       | 4 5 6 |  6.5
Armour         | 4 5 6 7 |  7.2
Stealth        | 1 2 3 |  3.4
Throwing       | 1 2 |  2.3

Action                   |  1- 3 |  4- 6 |  7- 9 | 10-12 || total
-------------------------+-------+-------+-------+-------++-------
Melee: Flail             |   123 |   304 |   773 |       ||  1200
       Mace              |       |       |    33 |   155 ||   188
Throw: Tomahawk          |       |     5 |    52 |       ||    57
Invok: Lesser Servant of |       |       |       |     3 ||     3
  Use: Scroll            |       |     2 |    13 |     6 ||    21
       Potion            |       |     1 |    10 |     3 ||    14
 Stab: Invisible         |       |       |     1 |     5 ||     6
  Eat: Bread ration      |     1 |     1 |     1 |       ||     3
       Fruit             |       |     1 |       |       ||     1
       Meat ration       |       |     1 |     3 |     1 ||     5
